 Dungeon Crawl Stone Soup version 0.28-a0-957-g42eb19b844 (webtiles) character file.

Game seed: 6408417199174521451

258 Hipnos the Magician (level 5, -2/28 HPs)
             Began as a Deep Elf Fire Elementalist on Nov 30, 2021.
             Slain by Edmund (9 damage)
             ... on level 4 of the Dungeon.
             The game lasted 00:05:41 (3973 turns).

Hipnos the Magician (Deep Elf Fire Elementalist)    Turns: 3973, Time: 00:05:42

Health: -2/28      AC:  8    Str:  2 (5)  XL:     5   Next: 94%
Magic:  1/14       EV: 12    Int: 25 (28) God:
Gold:   78         SH:  0    Dex: 12 (15) Spells: 8/14 levels left

rFire   . . .      SeeInvis .   l - +0 dagger (venom)
rCold   . . .      Faith    .   (no shield)
rNeg    . . .      Spirit   .   a - +0 robe
rPois   .          Reflect  .   (no helmet)
rElec   .          Harm     .   (no cloak)
rCorr   .          Rampage  .   (no gloves)
Will    .....                   n - +0 pair of boots
Stlth   ++........              h - amulet of regeneration
HPRegen 0.89/turn               m - +6 ring of intelligence
MPRegen 0.14/turn               k - ring of flight

@: lethally poisoned (-2 -> -4), ice-armoured, flying
A: no striking features
a: no special abilities


You were on level 4 of the Dungeon.
You visited 1 branch of the dungeon, and saw 4 of its levels.

You collected 78 gold pieces.

Inventory:

Hand Weapons
 l - a +0 dagger of venom (weapon)
Armour
 a - a +0 robe (worn)
 n - a +0 pair of boots (worn)
Jewellery
 h - an amulet of regeneration (around neck)
 k - a ring of flight (right hand)
 m - a +6 ring of intelligence (left hand)
Scrolls
 b - 2 scrolls of magic mapping {unknown}
 c - 5 scrolls of identify {unknown}
 e - 2 scrolls of teleportation {unknown}
 f - 2 scrolls of blinking {unknown}
 g - a scroll of immolation {unknown}
 i - a scroll of enchant weapon {unknown}
 j - a scroll of fog {unknown}
 o - a scroll of vulnerability {unknown}
 p - a scroll of noise {unknown}


   Skills:
 + Level 2.6 Dodging
 - Level 2.4 Stealth
 + Level 0.1 Unarmed Combat
 + Level 5.3 Spellcasting
 + Level 3.9 Conjurations
 + Level 4.8 Fire Magic


You had 8 spell levels left.
You knew the following spells:

 Your Spells              Type           Power      Damage    Failure   Level
a - Foxfire               Conj/Fire      100%       2x1d9     1%          1
b - Blink                 Tloc           12%        N/A       12%         2
c - Ozocubu's Armour      Ice            7%         N/A       22%         3

Your spell library contained the following spells:

 Spells                   Type           Power      Damage    Failure   Level
 Scorch                   Fire           60%        2d8       1%          2
 Conjure Flame            Conj/Fire      28%        6-21      4%          3
 Slow                     Hex            24%        N/A       9%          1
 Inner Flame              Hex/Fire       18%        N/A       9%          3
 Flame Wave               Conj/Fire      28%        2d6       13%         4
 Confusing Touch          Hex            6%         N/A       24%         3
 Lesser Beckoning         Tloc           6%         N/A       24%         3
 Manifold Assault         Tloc           6%         N/A       92%         5
 Yara's Violent Unravell  Hex/Tmut       3%         3d4       92%         5
 Ozocubu's Refrigeration  Ice            3%         4d5       100%        7


Dungeon Overview and Level Annotations

Branches:
Dungeon (4/15)
 Temple: D:4-7

Altars:
Trog

Annotations:
D:4 Edmund


Message History

The jackal misses you. The adder barely misses you. Edmund closely misses you.
The jackal barely misses you. The adder closely misses you.
You conjure some foxfire!
The jackal closely misses you. The adder bites you but does no damage.
Edmund hits you but does no damage.
You hit Edmund but do no damage.
Edmund is poisoned.
The foxfire hits Edmund.
Edmund is lightly wounded.
The foxfire hits Edmund but does no damage.
Edmund is lightly wounded.
The jackal closely misses you. The adder bites you but does no damage.
Edmund hits you with a +2 dire flail of protection.
The jackal closely misses you.
Your magical contamination has completely faded away.
You hit Edmund but do no damage.
Edmund looks as sick as possible!
Edmund is lightly wounded.
The foxfire hits Edmund.
Edmund is moderately wounded.
The adder bites you.
You are poisoned.
The adder poisons you!
The jackal bites you but does no damage.
Edmund misses you.
You hit Edmund but do no damage.
Edmund looks as sick as possible!
Edmund is moderately wounded.
You feel sick. The adder bites you.
You are more poisoned.
The adder poisons you! The jackal bites you. Edmund barely misses you.
The adder bites you.
Unknown command.
You completely miss Edmund.
Edmund is moderately wounded.
You feel sick. The jackal barely misses you. The adder barely misses you.
Edmund hits you with a +2 dire flail of protection!
* * * LOW HITPOINT WARNING * * *
The jackal bites you but does no damage.
It was a potion of degeneration.
There was something very wrong with that liquid.
You feel weakened.
You feel dopey.
You feel clumsy.
You feel sick. The adder closely misses you. The jackal closely misses you.
Edmund hits you with a +2 dire flail of protection!
You die...

.#... ##
#....## .
##.......
#..........
.#........
.........
##.@......
#.@hg.....
#..#S).....
#.# .......
... ###....
... ...
..... =.
.##. . ..


You could see Edmund (extremely poisoned), an adder, a jackal and a hobgoblin.

Vanquished Creatures
  3 jellies (D:2)
  An orc priest (D:3)
  An iguana (D:3)
  A hound skeleton (D:4)
  2 adders (D:2)
  A dart slug (D:1)
  7 orcs (D:3)
  5 ball pythons
  17 endoplasms
  2 giant cockroaches
  2 hobgoblins
  2 jackals (D:4)
  15 kobolds
  A quokka (D:1)
  4 bats
  A frilled lizard (D:1)
  3 goblins
  3 rats
71 creatures vanquished.

Vanquished Creatures (others)
  305 foxfires
  10 fungi (D:2)
  6 toadstools (D:2)
321 creatures vanquished.

Grand Total: 392 creatures vanquished

Notes
Turn   | Place    | Note
-------+----------+-------------------------------------------
     0 | D:1      | Hipnos the Deep Elf Fire Elementalist began the quest for
                  | the Orb.
     0 | D:1      | Reached XP level 1. HP: 10/10 MP: 6/6
     2 | D:1      | Found a faded altar of an unknown god.
   400 | D:1      | Reached XP level 2. HP: 7/15 MP: 5/8
  1949 | D:2      | Learned a level 2 spell: Blink
  2041 | D:2      | Reached XP level 3. HP: 18/19 MP: 5/10
  2585 | D:2      | Reached skill level 4 in Spellcasting
  2757 | D:2      | Reached XP level 4. HP: 24/24 MP: 7/12
  2954 | D:2      | Reached XP level 5. HP: 28/28 MP: 9/14
  3193 | D:3      | Reached skill level 5 in Spellcasting
  3912 | D:3      | Found a bloodstained altar of Trog.
  3928 | D:3      | Learned a level 3 spell: Ozocubu's Armour
  3960 | D:4      | Noticed Edmund
  3973 | D:4      | Slain by Edmund

Illustrated notes

Levels and vault maps discovered:
D:1:      lightli_arrival_maybe_door_vault, layout_rooms, basic_ecumenical_altar
D:2:      cheibrodos_fertilizer, layout_loops_cross, minmay_misc_feat_enclosed,
          chequers_serial_rivers_micro_c, kennysheep_nub
D:3:      layout_rooms, lemuel_coloured_pillars_altar
D:4:      layout_rooms, overflow_temple_1_default, item_on_display_b,
          uniq_sigmund, uniq_edmund, uniq_menkaure

Skill      XL: |  1  2  3  4  5 |
---------------+----------------+-----
Fire Magic     | 4 |  4.8
Conjurations   | 2 3 |  3.9
Spellcasting   | 4 5 |  5.3
Dodging        | |  2.6
Stealth        | |  2.4
Unarmed Combat | |  0.1

Action                   |  1- 3 |  4- 6 || total
-------------------------+-------+-------++-------
Melee: Unarmed           |    22 |       ||    22
       Dagger            |       |     4 ||     4
 Cast: Foxfire           |   122 |    82 ||   204
       Blink             |       |     2 ||     2
       Ozocubu's Armour  |       |     1 ||     1
  Use: Potion            |       |     1 ||     1
 Stab: Sleeping          |     1 |       ||     1
Armor: Robe              |    18 |     9 ||    27
Dodge: Dodged            |    28 |    28 ||    56

Table legend: (Time is in decaauts)
 A = Elapsed time spent in this place.
 B = Non-inter-level travel time spent in this place.
 C = Inter-level travel time spent in this place.
 D = Time resting spent in this place.
 E = Time spent auto-exploring this place.
 F = Levels seen in this place.
 G = Mean time per level.
                   A        B        C        D        E       F      G
               +--------+--------+--------+--------+--------+-----+--------+
         Total |   3970 |   3869 |    101 |      0 |   3409 |   4 |  992.5 |
       Dungeon |   3970 |   3869 |    101 |      0 |   3409 |   4 |  992.5 |
               +--------+--------+--------+--------+--------+-----+--------+

Top non-repeatable levels by time:
     D:2: 1661 daAuts
     D:1: 1373 daAuts
     D:3: 920 daAuts
     D:4: 15 daAuts
